 Dungeon Crawl Stone Soup version 0.17.0-22-g5edae84 (webtiles) character file.

18 st0uf the Firebug (level 2, 0/20 HPs)
             Began as a Draconian Fire Elementalist on Nov 12, 2015.
             Succumbed to an adder's poison
             ... on level 2 of the Dungeon.
             The game lasted 00:04:27 (936 turns).

st0uf the Firebug (Draconian Fire Elementalist)      Turns: 936, Time: 00:04:27

Health: 0/20       AC:  4    Str: 10      XL:     2   Next: 51%
Magic:  0/5        EV: 12    Int: 20      God:
Gold:   51         SH:  0    Dex:  7 (11) Spells: 1 memorised, 4 levels left

rFire  . . .     SeeInvis .     (no weapon)
rCold  . . .     Clarity  .     (armour unavailable)
rNeg   . . .     SustAt   .     (no shield)
rPois  .         Gourm    .     (helmet restricted)
rElec  .         Spirit   .     (no cloak)
rCorr  .         Warding  .     (no gloves)
rMut   .         Stasis   .     (no boots)
MR     .....                    (no amulet)
Stlth  +.........               (no ring)
                                (no ring)

@: brilliant, lethally poisoned (0 -> -9), very slightly contaminated, not
resistant to hostile enchantments, very unstealthy
A: unfitting armour, cold-blooded, AC +4
a: no special abilities


You were on level 2 of the Dungeon.
You were not hungry.

You visited 1 branch of the dungeon, and saw 2 of its levels.

You collected 51 gold pieces.

Inventory:

Jewellery
 q - an uncursed amulet of resist corrosion {unknown}
Wands
 n - a wand of flame (16)
Scrolls
 e - a scroll of remove curse {unknown}
 l - 2 scrolls of enchant armour {unknown}
 m - a scroll of blinking {unknown}
 o - 2 scrolls of fear {unknown}
 p - a scroll of fog {unknown}
 r - a scroll of enchant weapon {unknown}
Books
 a - a book of Flames

   Spells                             Type                      Level
   a - Flame Tongue                   Conjuration/Fire             1
   b - Throw Flame                    Conjuration/Fire             2
   c - Conjure Flame                  Conjuration/Fire             3
   d - Inner Flame                    Hexes/Fire                   3
   e - Sticky Flame                   Conjuration/Fire             4
   f - Fireball                       Conjuration/Fire             5
Comestibles
 b - 2 bread rations
 c - 2 royal jellies
 d - 2 chunks of flesh
 h - a beef jerky
 k - a meat ration


   Skills:
 + Level 2.0 Dodging
 - Level 1.7 Stealth
 + Level 2.3 Spellcasting
 + Level 1.3 Conjurations
 + Level 3.3 Fire Magic


You had 4 spell levels left.
You knew the following spells:

 Your Spells              Type           Power        Failure   Level  Hunger
a - Flame Tongue          Conj/Fire      ###..        1%          1    #......


Dungeon Overview and Level Annotations

Branches:
Dungeon (2/15)

Altars:


Innate Abilities, Weirdness & Mutations

Your plain brown scales are hard (AC +4).
Your body does not fit into most forms of armour.
You are cold-blooded and may be slowed by cold attacks.


Message History

* * * LOW HITPOINT WARNING * * *
You closely miss the adder.
The adder is lightly wounded.
* * * LOW HITPOINT WARNING * * *
You feel sick. The adder closely misses you.
You closely miss the adder.
The adder is lightly wounded.
* * * LOW HITPOINT WARNING * * *
You feel sick. The adder barely misses you.
The adder bites you but does no damage.
You closely miss the adder.
The adder is lightly wounded.
The adder barely misses you.
You closely miss the adder.
The adder is lightly wounded.
* * * LOW HITPOINT WARNING * * *
You feel sick. The adder closely misses you.
You miss the adder.
Your tail-slap misses the adder.
The adder is lightly wounded.
You die...

.....## ..# ......######
.....#. ...........#
.....$# ....#......#
.......
....#......######......#
....#...#.............##
#........#...##........#
...##.#.............%...
.. .#...........@S$.....
..............[.........
........................
....##..#.............$.
...# ####...............
### ##..............
#####.......?.>
##........# ######


You could see an adder.

Vanquished Creatures
  A giant gecko (D:1)
  5 hobgoblins (D:1)
  4 kobolds (D:1)
  2 giant cockroaches
  A giant newt (D:1)
  4 rats
17 creatures vanquished.

Notes
Turn   | Place    | Note
--------------------------------------------------------------
     0 | D:1      | st0uf the Draconian Fire Elementalist began the quest for the Orb.
     0 | D:1      | Reached XP level 1. HP: 14/14 MP: 3/3
   127 | D:1      | Reached XP level 2. HP: 15/20 MP: 0/5
   935 | D:2      | HP: 1/20 [poisoned by an adder]
   936 | D:2      | Succumbed to an adder's poison

Action                   || total
-------------------------++-------
Melee: Unarmed           ||    30
 Cast: Flame Tongue      ||    37
  Use: Potion            ||     4
  Eat: Chunk             ||     1
